 Dungeon Crawl Stone Soup version 0.27.1-37-g7b29ead8ac (webtiles) character file.

Game seed: 16549349350982990602

58 tkbsonic5 the Scratcher (level 3, -3/15 HPs)
             Began as a Felid Transmuter on Oct 22, 2023.
             Killed from afar by a white imp (6 damage)
             ... with a puff of frost
             ... on level 3 of the Dungeon.
             The game lasted 00:05:40 (2986 turns).

tkbsonic5 the Scratcher (Felid Transmuter)          Turns: 2986, Time: 00:05:40

Health: -3/15      AC:  1    Str:  7    XL:     3   Next: 75%
Magic:  4/7        EV: 18    Int: 14    God:
Gold:   74         SH:  0    Dex: 16    Spells: 0/6 levels left
                                        Lives:  0   Deaths: 0

rFire    . . .     SeeInvis +     - Unarmed
rCold    . . .     Faith    .   (shield unavailable)
rNeg     . . .     Spirit   .   (armour unavailable)
rPois    .         Reflect  .   (helmet unavailable)
rElec    .         Harm     .   (cloak unavailable)
rCorr    .         Rampage  .   (gloves unavailable)
Will     .....                  (boots unavailable)
Stlth    ++........             (no amulet)
HPRegen  0.05/turn              (no ring)
MPRegen  0.10/turn              (no ring)

@: very slightly contaminated, hasted, very quick
A: very small, claws 1, fangs 3, see invisible, speed 1, shaggy fur 1, stealthy
paws, no weapons or thrown items, no armour, multi-lived
a: no special abilities


You were on level 3 of the Dungeon.
You visited 1 branch of the dungeon, and saw 3 of its levels.

You collected 74 gold pieces.

Inventory:

Scrolls
 a - a scroll of immolation {unknown}
 c - 2 scrolls of identify {unknown}
 d - a scroll of enchant armour {unknown}
 e - a scroll of noise {unknown}
 f - a scroll of magic mapping {unknown}
 h - a scroll of vulnerability {unknown}
Potions
 b - a potion of haste
 g - a potion of resistance {unknown}
 i - 2 potions of brilliance {unknown}
 j - 3 potions of curing {unknown}
 k - a potion of attraction {unknown}
 l - a potion of might {unknown}


   Skills:
 + Level 1.6 Fighting
 - Level 3.3 Dodging
 - Level 1.2 Stealth
 + Level 3.3 Unarmed Combat
 + Level 2.1 Spellcasting
 * Level 3.0 Transmutations
 * Level 0.3 Poison Magic


You couldn't memorise any spells.
You knew the following spells:

 Your Spells              Type           Power      Damage    Failure   Level
a - Beastly Appendage     Tmut           18%        N/A       7%          1
b - Wereblood             Tmut           9%         N/A       11%         2
c - Spider Form           Tmut/Pois      3%         N/A       34%         3

Your spell library contained the following spells:

 Spells                   Type           Power      Damage    Failure   Level
 Frozen Ramparts          Ice            2%         1d2       56%         3
 Ice Form                 Ice/Tmut       5%         N/A       77%         4
 Summon Ice Beast         Ice/Summ       1%         N/A       93%         4


Dungeon Overview and Level Annotations

Branches:
Dungeon (3/15)

Altars:

Shops:
D:1 [


Innate Abilities, Weirdness & Mutations

You have sharp claws.
You have razor-sharp teeth.
You have supernaturally acute eyesight. (SInv)
You cover ground quickly. (Speed+)
You are covered in fur. (AC +1)
Your paws help you pounce on unaware monsters.
You are incapable of wielding weapons or throwing items.
You cannot wear armour.
You gain extra lives every three experience levels.


Message History

No target in view!
No target in view!
Magic restored.
Your transformation is almost over.
Your horns disappear.
HP restored.
Found 9 gold pieces.
Casting: Beastly Appendage (safe; 7% risk of failure)
Confirm with . or Enter, or press ? or * to list all spells.
You don't know that spell.
Casting: Beastly Appendage (safe; 7% risk of failure)
Confirm with . or Enter, or press ? or * to list all spells.
Okay, then.
A white imp comes into view.
The white imp shouts!
The white imp misses you.
You scratch the white imp but do no damage.
The white imp gestures at you. The puff of frost hits you!
Ouch! That really hurt!
You are too injured to fight recklessly!
You are too injured to fight recklessly!
Casting: Beastly Appendage (safe; 7% risk of failure)
Confirm with . or Enter, or press ? or * to list all spells.
The spell is potentially lethal to cast (34% risk of failure)!
Continue anyway?
You miscast Spider Form.
You are very lightly contaminated with residual magic.
Multicoloured lights dance before your eyes.
The white imp gestures at you. The puff of frost hits you.
* * * LOW HITPOINT WARNING * * *
A quokka comes into view.
Casting: Spider Form (potentially lethal; 34% risk of failure)
Confirm with . or Enter, or press ? or * to list all spells.
You don't know that spell.
There are monsters nearby!
It was a potion of haste.
You feel yourself speed up. The white imp gestures at you.
The puff of frost hits you.
You die...

##.#.......#
.#.......#
.##.....##
.###.....###
####....# #
#..#.#####.#
##.......#.####.
##.####......r.
#.. #@....##.
###....5##$#
#....## ..
#..##.# ## #.#
#.# #.. #.. #..
#.. .. ...


You could see a white imp and a quokka (wandering).

Vanquished Creatures
  A worm (D:2)
  2 dart slugs
  4 ball pythons
  A bat (D:3)
  5 endoplasms
  A giant cockroach (D:1)
  4 goblins
  3 hobgoblins
  11 jackals (D:1)
  2 kobolds
  A quokka (D:1)
  4 frilled lizards
  3 rats (D:1)
42 creatures vanquished.

Notes
Turn   | Place    | Note
-------+----------+-------------------------------------------
     0 | D:1      | tkbsonic5 the Felid Transmuter began the quest for the Orb.
     0 | D:1      | Reached XP level 1. HP: 9/9 MP: 4/4
   271 | D:1      | Reached XP level 2. HP: 11/12 MP: 4/6
   375 | D:1      | Learned a level 2 spell: Wereblood
   660 | D:1      | Found Viwoibb's Antique Armour Boutique.
  1298 | D:1      | Reached XP level 3. HP: 14/15 MP: 7/7
  1372 | D:1      | Learned a level 3 spell: Spider Form
  1431 | D:1      | Found a faded altar of an unknown god.
  2229 | D:2      | Reached skill level 1 in Stealth
  2986 | D:3      | Killed from afar by a white imp

Illustrated notes

Levels and vault maps discovered:
D:1:      beargit_arrival_diablo_church, layout_basic, serial_shops,
          nicolae_shop_stone, hellmonk_ecumenical_altar_leap_of_faith
D:2:      layout_loops_corners
D:3:      layout_rooms, ebering_ghost_sewer_d, grunt_decor_mini_mirrors,
          st_stairs_4

Skill      XL: |  1  2  3 |
---------------+----------+-----
Dodging        | 3 |  3.3
Stealth        | 1 |  1.2
Transmutations | 3 |  3.0
Fighting       | |  1.6
Unarmed Combat | |  3.3
Spellcasting   | |  2.1
Poison Magic   | |  0.3

Action                   || total
-------------------------++-------
Melee: Unarmed           ||   119
       Headbutt          ||    15
       Bite              ||    14
 Cast: Beastly Appendage ||    29
       Wereblood         ||     3
  Use: Potion            ||     1
 Stab: Sleeping          ||     2
Armor: Skin              ||     6
Dodge: Dodged            ||    82
